 Dungeon Crawl Stone Soup version 0.26.1-11-gd32895ea62 (webtiles) character file.

Game seed: 10808576059601834743

191 Arcadio the Covert (level 5, -3/34 HPs)
             Began as an Octopode Brigand on May 22, 2021.
             Slain by a centaur zombie (4 damage)
             ... in an ossuary.
             The game lasted 00:03:49 (3105 turns).

Arcadio the Covert (Octopode Brigand)               Turns: 3105, Time: 00:03:50

Health: -3/34      AC:  1    Str: 11    XL:     5   Next: 70%
Magic:  5/5        EV: 13    Int: 13    God:
Gold:   172        SH:  0    Dex: 14    Spells: 4/4 levels left

rFire    . . .     SeeInvis .   d - +3 short sword (speed)
rCold    . . .     Faith    .   (no shield)
rNeg     . . .     Spirit   .   (helmet restricted)
rPois    .         Reflect  .   (no amulet)
rElec    .         Harm     .   (no ring)
rCorr    .         Rampage  .   (no ring)
Will     .....                  (no ring)
Stlth    +++++.....             (no ring)
HPRegen  0.11/turn              (no ring)
MPRegen  0.09/turn              (no ring)
                                (no ring)
                                (no ring)

@: slowed, very slow
A: almost no armour, stealthy swim, amphibious, 8 rings, constrict 8, camouflage
1, gelatinous body 1
a: no special abilities


You were in an ossuary.
You visited 1 branch of the dungeon, and saw 4 of its levels.
You also visited: Ossuary.

You collected 172 gold pieces.

Inventory:

Hand Weapons
 a - a +2 dagger
 d - a +3 short sword of speed (weapon)
Missiles
 b - 8 poisoned darts (quivered)
 c - 2 curare-tipped darts
Jewellery
 i - an uncursed ring of stealth {unknown}
 u - an uncursed ring of see invisible {unknown}
Wands
 j - a wand of iceblast (19)
 k - a wand of disintegration (13)
 r - a wand of flame (27)
Scrolls
 e - 2 scrolls of identify
 g - a scroll of magic mapping
 l - 2 scrolls of remove curse {unknown}
 n - a scroll of blinking
 o - a scroll of teleportation
 p - a scroll of fear {unknown}
Potions
 f - a potion of brilliance
 h - a potion of curing {unknown}
 m - a potion of resistance {unknown}
 q - a potion of cancellation {unknown}
 s - a potion of degeneration {unknown}
 t - a potion of flight {unknown}


   Skills:
 - Level 2.0 Fighting
 + Level 3.1 Short Blades
 - Level 2.0 Throwing
 + Level 1.3 Dodging
 + Level 8.5 Stealth


You had 4 spell levels left.
You didn't know any spells.
Your spell library was empty.

Dungeon Overview and Level Annotations

Branches:
Dungeon (4/15)            Ossuary (1/1)
 Temple: D:4-7

Altars:
Nemelex Xobeh
Okawaru
Uskayaw


Innate Abilities, Weirdness & Mutations

You cannot wear most types of armour.
You are very stealthy in the water. (Stealth+)
You are amphibious.
You can wear up to eight rings at the same time.
You can use your tentacles to constrict eight enemies at once.
Your skin changes colour to match your surroundings (Stealth+).
Your rubbery body absorbs attacks. (AC +1, EV +1)


Message History

The leopard gecko zombie bites you but does no damage.
There is an open door here.
You hit the centaur zombie.
The centaur zombie is heavily damaged.
The centaur zombie hits you!
A ball python zombie comes into view.
The centaur zombie misses you.
You hit the centaur zombie.
The centaur zombie is heavily damaged.
The centaur zombie hits you!
You hit the centaur zombie.
The centaur zombie is severely damaged.
The centaur zombie hits you!
* * * LOW HITPOINT WARNING * * *
You barely miss the centaur zombie.
The centaur zombie is severely damaged.
The centaur zombie hits you.
* * * LOW HITPOINT WARNING * * *
The centaur zombie hits you.
You die...

#+# .Z+
#####.#
#...#Z+
#.∩@ZZ#
#∩..#.+
#####.#
≈≈.
#≈≈≈
#MM.≈
+≈Z≈##
#≈≈.#


You could see a leopard gecko zombie, a ball python zombie and a centaur zombie.

Vanquished Creatures
  A hound (D:4)
  An orc wizard (D:3)
  4 adders
  3 oozes
  3 worms
  A dart slug (D:2)
  A leopard gecko (D:3)
  3 orcs (D:3)
  A ball python (D:3)
  2 giant cockroaches (D:1)
  11 goblins
  8 hobgoblins
  10 kobolds
  A quokka (D:3)
  9 bats
  A frilled lizard (D:2)
  9 rats
69 creatures vanquished.

Vanquished Creatures (others)
  9 withered plants (Ossuary)
9 creatures vanquished.

Grand Total: 78 creatures vanquished

Notes
Turn   | Place    | Note
-------+----------+-------------------------------------------
     0 | D:1      | Arcadio the Octopode Brigand began the quest for the Orb.
     0 | D:1      | Reached XP level 1. HP: 14/14 MP: 1/1
   105 | D:1      | Reached XP level 2. HP: 19/19 MP: 2/2
   153 | D:1      | Reached skill level 6 in Stealth
   579 | D:1      | Reached XP level 3. HP: 24/24 MP: 3/3
   945 | D:2      | Reached skill level 7 in Stealth
  1181 | D:2      | Reached XP level 4. HP: 29/29 MP: 4/4
  1839 | D:3      | Reached XP level 5. HP: 23/34 MP: 5/5
  2046 | D:3      | Reached skill level 8 in Stealth
  2074 | D:3      | Found an iron altar of Okawaru.
  2807 | D:4      | Found a sparkling altar of Nemelex Xobeh.
  2834 | D:4      | Found a hide-covered altar of Uskayaw.
  2834 | D:4      | Noticed a +0 hand axe
  2836 | D:4      | Noticed a +0 dagger
  2843 | D:4      | Found a sand-covered staircase.
  2848 | Ossuary  | Entered an ossuary
  3105 | Ossuary  | HP: 1/34 [centaur zombie (4)]
  3105 | Ossuary  | Slain by a centaur zombie

Illustrated notes

Levels and vault maps discovered:
D:1:      heliophobic_arrival_ceremonial_halls, layout_basic
D:2:      layout_rooms, serial_aquarium, aquarium_bridge_long_joined
          [aquarium_subvault_bridge, aquarium_subvault_wall,
          aquarium_subvault_bridge, aquarium_subvault_window,
          aquarium_subvault_window, aquarium_subvault_wall],
          aquarium_bridge_straight [aquarium_subvault_bridge,
          aquarium_subvault_wall, aquarium_subvault_bridge,
          aquarium_subvault_balcony], aquarium_window_corridor_2,
          aquarium_window_1, aquarium_window_fake, aquarium_view_2f
D:3:      layout_basic, okawaru_gym_becter
D:4:      layout_rooms, dancing_weapons_uskayaw,
          nemelex_xobeh_ov_fountains_minmay, enter_ossuary_2, chequers_avenue
Ossuary:  ossuary_zaba_flooded

Skill      XL: |  1  2  3  4  5 |
---------------+----------------+-----
Stealth        | 6 7 8 |  8.5
Short Blades   | 3 |  3.1
Fighting       | |  2.0
Throwing       | |  2.0
Dodging        | |  1.3

Action                   |  1- 3 |  4- 6 || total
-------------------------+-------+-------++-------
Melee: Dagger            |    18 |       ||    18
       Tentacles         |     9 |     7 ||    16
       Short sword       |    35 |    58 ||    93
       Constrict         |     5 |     8 ||    13
  Use: Scroll            |     3 |     2 ||     5
 Stab: Sleeping          |    17 |    15 ||    32
Armor: Skin              |     4 |     3 ||     7
Dodge: Dodged            |    27 |    46 ||    73
